 Dungeon Crawl Stone Soup version 0.25-a0-860-gf695395b5c (webtiles) character file.

Game seed: 14784299973369424916, levelgen mode: deterministic

1856 DildoBatman the Conjurer (level 9, 0/62 HPs)
             Began as a Formicid Wizard on Apr 29, 2020.
             Was an Initiate of Kikubaaqudgha.
             Engulfed by a cloud of flame (23 damage)
             ... on level 6 of the Dungeon.
             The game lasted 00:23:34 (7147 turns).

DildoBatman the Conjurer (Formicid Wizard)          Turns: 7147, Time: 00:23:35

Health: 0/62       AC:  5    Str: 12    XL:     9   Next: 34%
Magic:  7/13       EV: 13    Int: 26    God:    Kikubaaqudgha [......]
Gold:   259        SH:  0    Dex:  9    Spells: 7/14 levels left

rFire    . . .     SeeInvis +   a - +3 dagger (venom)
rCold    . . .     Gourm    .   (no shield)
rNeg     . . .     Faith    .   m - +0 robe
rPois    .         Spirit   .   (helmet unavailable)
rElec    .         Reflect  .   (no cloak)
rCorr    .         Harm     .   n - +0 pair of gloves (curse)
MR       +....                  A - +1 pair of boots
Stlth    ++........             (no amulet)
HPRegen  0.20/turn              H - ring of protection from magic
MPRegen  0.13/turn              y - +5 ring of intelligence

@: lethally poisoned (0 -> -4)
A: permanent stasis, dig shafts and tunnels, four strong arms, antennae 3
a: Dig, Shaft Self, Renounce Religion


You were on level 6 of the Dungeon.
You worshipped Kikubaaqudgha.
Kikubaaqudgha was noncommittal.
You were not hungry.

You visited 2 branches of the dungeon, and saw 8 of its levels.

You collected 259 gold pieces.

Inventory:

Hand Weapons
 a - a +3 dagger of venom (weapon)
 B - a +0 trident
 I - a +0 shortbow
 M - a +0 rapier of venom
Missiles
 d - 20 poisoned darts (quivered)
 k - 303 stones
 o - 59 arrows
 t - 60 sling bullets
Armour
 m - a +0 robe (worn)
 n - a cursed +0 pair of gloves (worn)
 A - a +1 pair of boots (worn)
 F - a +2 kite shield
Magical Staves
 J - an uncursed staff of conjuration {unknown}
Jewellery
 h - an uncursed ring of protection from cold
 y - a +5 ring of intelligence (right hand)
 H - a ring of protection from magic (left hand)
Wands
 f - a wand of flame (10)
 l - a wand of acid (5)
 L - a wand of paralysis (7)
Scrolls
 b - a scroll of enchant weapon {unknown}
 i - 2 scrolls of fear {unknown}
 j - 2 scrolls of fog {unknown}
 r - a scroll of immolation {unknown}
 x - 4 scrolls of remove curse
 z - 3 scrolls of identify
 C - a scroll of magic mapping
 D - 3 scrolls of amnesia {unknown}
 E - a scroll of summoning {unknown}
 K - a scroll of enchant armour {unknown}
Potions
 c - 8 potions of curing {unknown}
 e - 4 potions of might {unknown}
 g - 2 potions of degeneration {unknown}
 p - a potion of cancellation {unknown}
 q - 2 potions of brilliance {unknown}
 s - 3 potions of stabbing {unknown}
 u - a potion of magic {unknown}
 w - a potion of resistance {unknown}
 G - 2 potions of flight {unknown}
Comestibles
 v - 11 rations


   Skills:
 * Level 2.8 Fighting
 * Level 2.8 Armour
 * Level 3.1 Dodging
 - Level 2.4 Stealth
 - Level 3.2 Spellcasting
 - Level 6.0 Conjurations
   Level 1.0 Summonings
   Level 0.8 Translocations
 - Level 5.0 Fire Magic
 - Level 5.0 Air Magic


You had 7 spell levels left.
You knew the following spells:

 Your Spells              Type           Power        Failure   Level  Hunger
a - Conjure Flame         Conj/Fire      ####....     3%          3    ###....
c - Magic Dart            Conj           ####         1%          1    None
e - Mephitic Cloud        Conj/Pois/Air  ###.....     6%          3    ###....

Your spell library contained the following spells:

 Spells                   Type           Power        Failure   Level  Hunger
 Beastly Appendage        Tmut           #.....       10%         1    None
 Call Imp                 Summ           #.......     10%         2    #......
 Slow                     Hex            #.......     14%         2    #......
 Sticks to Snakes         Tmut           #.......     14%         2    #......
 Spider Form              Tmut/Pois      #.........   28%         3    ###....
 Ice Form                 Ice/Tmut       #.......     67%         4    ####...
 Blade Hands              Tmut           #.........   95%         5    ######.
 Blink                    Tloc           Unusable     N/A         2    N/A

Dungeon Overview and Level Annotations

Branches:
Dungeon (7/15)             Temple (1/1) D:7

Altars:
Ashenzari
Cheibriados
Dithmenos
Elyvilon
Fedhas
Gozag
Hepliaklqana
Kikubaaqudgha
Makhleb
Nemelex Xobeh
Okawaru
Qazlal
Ru
Sif Muna
Trog
Uskayaw
Vehumet
Wu Jian
Yredelemnul
Zin
The Shining One

Shops:
D:4 [   D:7 !


Innate Abilities, Weirdness & Mutations

You cannot be hasted, slowed, berserked, paralysed or teleported.
You can dig through walls and to a lower floor.
Your four strong arms can wield two-handed weapons with a shield.
You have a pair of large antennae on your head. (SInv)


Message History

The water moccasin barely misses you.
The water moccasin bites you but does no damage.
You hit the water moccasin.
The water moccasin is lightly wounded.
You feel sick. The water moccasin bites you!
You feel sick.
You feel sick. The water moccasin bites you!
Casting: Mephitic Cloud (mildly dangerous; 6% risk of failure)
Confirm with . or Enter, or press ? or * to list all spells.
The fire begins to smolder!
You feel sick. The water moccasin bites you!
Casting: Conjure Flame (mildly dangerous; 3% risk of failure)
Confirm with . or Enter, or press ? or * to list all spells.
The fire ignites!
You are engulfed in blazing flames.
You die...
Kikubaaqudgha rasps: "You have failed me!
Welcome... death!"

#####.# **,** #.# #..<..#
*** #.# #.##### #.# #.# #.#
#.# #.. #.########***#####.
#.........,.,#.....
#..######..#*#.###.
####.@###.....# #.###.
****#.....S.......###.##..
*,......#................_
*,#####...###........#.#..
*,* ###.# *.#...##.#.##.
**,* ***#.#**,#...##.#....
*,,* *,,...,,,..,.##.####.
*,*****+*..#**,#,,*##......
*,+,,,,,##.* *,*,,#####.##.


You could see a water moccasin.

Vanquished Creatures
  A hornet (D:7)
  Sigmund (D:2)
  An orc warrior (D:6)
  A sky beast (D:5)
  4 ogres
  A phantom (D:4)
  A centaur (D:7)
  A bullfrog (D:7)
  A wyvern skeleton (D:7)
  2 crimson imps (D:4)
  A centaur zombie (D:7)
  5 hounds
  A jelly (D:7)
  An orc priest (D:7)
  6 orc wizards
  An iguana (D:5)
  4 worker ants
  A hound skeleton (D:4)
  A worker ant zombie (D:7)
  4 adders
  2 shadow imps
  2 adder zombies (D:7)
  4 worms
  A dart slug (D:3)
  5 leopard geckos
  10 orcs
  2 ball pythons (D:1)
  8 bats
  2 bat zombies (D:7)
  6 giant cockroaches
  7 goblins
  A hobgoblin (D:2)
  5 kobolds
  4 quokkas
  3 frilled lizards
  A jackal skeleton (D:4)
  A jackal zombie (D:7)
  A leopard gecko skeleton (D:5)
  3 rats (D:2)
  2 rat zombies (D:7)
109 creatures vanquished.

Vanquished Creatures (others)
  An orc wizard (D:3)
1 creature vanquished.

Grand Total: 110 creatures vanquished

Notes
Turn   | Place    | Note
-------+----------+-------------------------------------------
     0 | D:1      | DildoBatman the Formicid Wizard began the quest for the
                  | Orb.
     0 | D:1      | Reached XP level 1. HP: 13/13 MP: 4/4
    61 | D:1      | Reached skill level 1 in Conjurations
   328 | D:1      | Reached XP level 2. HP: 14/19 MP: 0/6
   609 | D:1      | Reached skill level 2 in Conjurations
  1221 | D:2      | Reached XP level 3. HP: 24/24 MP: 3/7
  1226 | D:2      | Learned a level 3 spell: Conjure Flame
  1230 | D:2      | Learned a level 3 spell: Mephitic Cloud
  1378 | D:2      | Noticed Sigmund
  1401 | D:2      | Reached skill level 3 in Conjurations
  1647 | D:2      | Reached XP level 4. HP: 30/30 MP: 0/8
  2311 | D:3      | Found a stormy altar of Qazlal.
  2547 | D:3      | Reached skill level 4 in Conjurations
  2547 | D:3      | Reached XP level 5. HP: 31/35 MP: 0/9
  2706 | D:3      | Found an ornate altar of the Wu Jian Council.
  2884 | D:4      | Found Yroun's Armour Shop.
  3212 | D:4      | Noticed an ogre
  3249 | D:4      | Killed an ogre
  3249 | D:4      | Reached skill level 1 in Fire Magic
  3249 | D:4      | Reached skill level 1 in Air Magic
  3249 | D:4      | Reached XP level 6. HP: 13/41 MP: 4/10
  3505 | D:4      | Reached skill level 5 in Conjurations
  3740 | D:4      | Found a shimmering blue altar of Sif Muna.
  3760 | D:5      | Entered Level 5 of the Dungeon
  3761 | D:5      | Found a white marble altar of Elyvilon.
  3795 | D:5      | Reached XP level 7. HP: 46/46 MP: 3/11
  4949 | D:6      | Found a sparkling altar of Nemelex Xobeh.
  5026 | D:7      | Reached XP level 8. HP: 48/52 MP: 7/12
  5275 | D:7      | Noticed a hornet
  5276 | D:7      | Reached skill level 6 in Conjurations
  5286 | D:7      | Killed a hornet
  5350 | D:7      | Reached skill level 5 in Fire Magic
  5530 | D:7      | Found a staircase to the Ecumenical Temple.
  5535 | Temple   | Entered the Ecumenical Temple
  5742 | D:7      | Found an iron altar of Okawaru.
  5743 | D:7      | Found a shadowy altar of Dithmenos.
  5744 | D:7      | Found a shattered altar of Ashenzari.
  5772 | D:7      | Found a hazy altar of Hepliaklqana.
  5810 | D:7      | Found an ancient bone altar of Kikubaaqudgha.
  5812 | D:7      | Became a worshipper of Kikubaaqudgha
  6162 | D:7      | Found Jumeal's Distillery.
  6186 | D:7      | Reached skill level 5 in Air Magic
  6186 | D:7      | Reached XP level 9. HP: 27/57 MP: 0/13
  6471 | D:6      | Reached skill level 1 in Fighting
  6592 | D:5      | Reached skill level 1 in Armour
  7061 | D:2      | Killed Sigmund
  7147 | D:6      | Engulfed by a cloud of flame

Levels and vault maps discovered:
D:1:      mrwooster_arrival_statue_3, layout_basic
D:2:      layout_loops_corners, uniq_sigmund
D:3:      layout_rooms, overflow_temple_1_default,
          chequers_serial_rivers_large_a, minmay_misc_feat_more_columns,
          grunt_qazlal_sundering
D:4:      layout_loops_corners, lemuel_blue_sif_altar, first_ration,
          serial_shops, nicolae_shop_statue_plus
D:5:      layout_basic, basic_altar
D:6:      layout_loops_ring, nicolae_overflow_crystal_walls,
          minmay_misc_feat_encased
D:7:      layout_basic, lemuel_zombie_altar_kikubaaqudgha,
          chequers_temple_overflow_statue_of_worship, marbit_many_paths,
          minmay_temple_entry_wispy, serial_shops, shop,
          minmay_misc_feat_plants, grunt_livestock, st_stairs_6
Temple:   nicolae_temple_figure_eight

Skill      XL: |  1  2  3  4  5  6  7  8  9 |
---------------+----------------------------+-----
Conjurations   | 1 2 3 4 5 6 |  6.0
Fire Magic     | 1 2 3 5 |  5.0
Air Magic      | 1 2 5 |  5.0
Fighting       | 2 |  2.8
Dodging        | 3 |  3.1
Armour         | 2 |  2.8
Stealth        | |  2.4
Spellcasting   | |  3.2
Summonings     | |  1.0
Translocations | |  0.8

Action                   |  1- 3 |  4- 6 |  7- 9 || total
-------------------------+-------+-------+-------++-------
Melee: Unarmed           |    15 |       |       ||    15
       Club              |       |    17 |       ||    17
       Dagger            |       |    48 |   108 ||   156
Throw: Dart              |     9 |    20 |    26 ||    55
 Cast: Magic Dart        |    68 |    60 |    89 ||   217
       Mephitic Cloud    |       |     9 |    23 ||    32
       Conjure Flame     |       |       |    10 ||    10
 Abil: Dig               |       |     7 |    10 ||    17
  Use: Scroll            |       |     2 |     4 ||     6
 Stab: Confused          |       |     2 |     6 ||     8
  Eat: Chunk             |     2 |     8 |    14 ||    24
Armor: Robe              |    18 |    14 |    33 ||    65
Dodge: Dodged            |    26 |    43 |    82 ||   151

Table legend:
 A = Non-vault XP
 B = Vault XP
 C = Vault XP percentage of total XP
 D = Non-vault monster count
 E = Vault monster count
 F = Vault count percentage of total count
                 A         B        C        D         E       F
            +---------+---------+-------+---------+---------+-------
      Total |    2423 |     229 |   8.6 |     104 |       6 |   5.5
            +---------+---------+-------+---------+---------+-------
        D:1 |      15 |       0 |   0.0 |       8 |       0 |   0.0
        D:2 |      62 |     220 |  78.0 |      22 |       1 |   4.3
        D:3 |      74 |       0 |   0.0 |      17 |       0 |   0.0
        D:4 |     551 |       0 |   0.0 |      16 |       0 |   0.0
        D:5 |     501 |       0 |   0.0 |      13 |       0 |   0.0
        D:6 |      98 |       0 |   0.0 |       5 |       0 |   0.0
        D:7 |    1122 |       9 |   0.8 |      23 |       5 |  17.9
            +---------+---------+-------+---------+---------+-------
